 Dungeon Sprint DCSS version 0.17.0-27-g4a3f43e (webtiles) character file.

471 oplop the Unseen (level 7, 0/45 HPs)
             Began as a Kobold Assassin on Nov 21, 2015.
             Slain by a jelly (3 damage)
             ... in the Dungeon (Sprint I: "Red Sonja").
             The game lasted 00:01:23 (85 turns).

oplop the Unseen (Kobold Assassin)                    Turns: 85, Time: 00:01:23

Health: 0/45       AC: -13   Str: 10    XL:     7   Next: 31%
Magic:  7/7        EV: 20    Int:  9    God:
Gold:   162        SH:  0    Dex: 19    Spells: 0 memorised, 6 levels left

rFire  . . .     SeeInvis .     n - +0 dagger (speed)
rCold  . . .     Clarity  .     c - +0 robe
rNeg   . . .     SustAt   .     (shield restricted)
rPois  .         Gourm    .     (no helmet)
rElec  .         Spirit   .     d - +0 cloak
rCorr  .         Warding  .     (no gloves)
rMut   .         NoTele   +     (no boots)
MR     .....                    (no amulet)
Stlth  +++++++...               (no ring)
                                (no ring)

@: corroded equipment, not resistant to hostile enchantments, extremely stealthy
A: carnivore 3
a: no special abilities


You were in the Dungeon.
You were not hungry.

You visited 1 branch You collected 162 gold pieces.

Inventory:

Hand Weapons
 a - a +2 dagger
 b - a +0 blowgun
 n - a +0 dagger of speed (weapon)
Missiles
 e - 8 poisoned needles
 f - 2 curare-tipped needles
Armour
 c - a +0 robe (worn)
 d - a +0 cloak (worn)
Wands
 o - a wand of magic darts (26)
Scrolls
 m - a scroll of blinking
 q - a scroll of enchant armour {unknown}
 r - a scroll of identify {unknown}
Potions
 h - a potion of curing
 i - a potion of heal wounds
 j - a potion of haste
 k - 2 potions of magic
 l - a potion of berserk rage
 p - a potion of invisibility {unknown}
Comestibles
 g - a meat ration


   Skills:
 + Level 5.6 Fighting
 + Level 7.0 Short Blades
 + Level 5.9 Throwing
 * Level 6.4 Dodging
 - Level 15.0 Stealth


You had 6 spell levels left.
You didn't know any spells.

Dungeon Overview and Level Annotations

Branches:
Dungeon (1/1)

Altars:
Cheibriados
Dithmenos
Fedhas
Sif Muna
Vehumet
Jiyva


Innate Abilities, Weirdness & Mutations

You are small and have problems with some larger weapons.
You are carnivorous and can eat meat at any time.


Message History

The acid burns!
* * * LOW HITPOINT WARNING * * *
You hit the jelly but do no damage. The acid corrodes you!
Your hands burn!
* * * LOW HITPOINT WARNING * * *
The jelly is moderately wounded.
There is an open door here.
There is an open door here.
Things that are here:
a scythe; a robe Evoke which item? (* to show all) (? for menu, Esc to quit)
Okay, then.
There is an open door here.
You see here a giant club.
There is an open door here.
There is an open door here.
You hit the jelly but do no damage.
Your hands burn!
* * * LOW HITPOINT WARNING * * *
The jelly is lightly wounded.
The jelly hits you.
You die...

###################
#<.#.†'..#.)'..#__#
#..@J.#.)'..#..'..+
#..#####'#####'#__#
#..# #..# #.####
#..# #### #.# #..#
#..+ #⌠⌠# ..._#
#### #_.#+# ##+


You could see a jelly.

Vanquished Creatures
  A slime creature (D)
  Sigmund (D)
  An ogre (D)
  Ijyb (D)
4 creatures vanquished.

Notes
Turn   | Place    | Note
--------------------------------------------------------------
     0 | D        | oplop the Kobold Assassin began the quest for the Orb.
     0 | D        | Reached XP level 1. HP: 12/12 MP: 1/1
     1 | D        | Noticed Ijyb
     4 | D        | Killed Ijyb
     4 | D        | Reached skill level 8 in Stealth
     4 | D        | Reached XP level 2. HP: 16/19 MP: 2/2
     4 | D        | Reached XP level 3. HP: 19/23 MP: 3/3
     8 | D        | Noticed an ogre
    11 | D        | Killed an ogre
    11 | D        | Reached skill level 12 in Stealth
    11 | D        | Reached XP level 4. HP: 22/29 MP: 4/4
    11 | D        | Reached XP level 5. HP: 25/33 MP: 5/5
    13 | D        | Noticed Sigmund
    16 | D        | Killed Sigmund
    16 | D        | Reached skill level 5 in Short Blades
    16 | D        | Reached skill level 15 in Stealth
    16 | D        | Reached XP level 6. HP: 29/39 MP: 6/6
    30 | D        | Found a snail-covered altar of Cheibriados.
    30 | D        | Found a viscous altar of Jiyva.
    30 | D        | Found a shadowy altar of Dithmenos.
    30 | D        | Found a blossoming altar of Fedhas.
    30 | D        | Noticed a slime creature
    33 | D        | Killed a slime creature
    33 | D        | Reached skill level 5 in Fighting
    33 | D        | Reached skill level 5 in Throwing
    33 | D        | Reached XP level 7. HP: 34/45 MP: 7/7
    58 | D        | Found a deep blue altar of Sif Muna.
    59 | D        | Noticed a jelly
    60 | D        | Found a radiant altar of Vehumet.
    85 | D        | Slain by a jelly

Action                   |  1- 3 |  4- 6 |  7- 9 || total
-------------------------+-------+-------+-------++-------
Melee: Dagger            |     2 |     2 |     9 ||    13
 Stab: Sleeping          |     2 |     2 |       ||     4
